 Seeded DCSS version 0.28-a0-1510-gd0f6b136d3 (webtiles) character file.

Game seed: 20220115 (custom seed)

424 murtidash the Sneak (level 6, 0/28 HPs)
             Began as a Felid Delver on Jan 15, 2022.
             Was a Priest of Jiyva.
             Shot with an arrow by a centaur (3 damage)
             ... on level 6 of the Dungeon.
             The game lasted 00:15:35 (5118 turns).

murtidash the Sneak (Felid Delver)                  Turns: 5118, Time: 00:15:35

Health: 0/28       AC:  2    Str: 10    XL:     6   Next: 64%
Magic:  15/15      EV: 18    Int: 14    God:    Jiyva [***...]
Gold:   134        SH:  0    Dex: 17    Spells: 15/15 levels left
                                        Lives:  0   Deaths: 2

rFire   . . .      SeeInvis +     - Unarmed
rCold   . . .      Faith    .   (shield unavailable)
rNeg    . . .      Spirit   .   (armour unavailable)
rPois   .          Reflect  .   (helmet unavailable)
rElec   .          Harm     .   (cloak unavailable)
rCorr   +          Rampage  .   (gloves unavailable)
Will    +++..                   (boots unavailable)
Stlth   ++++......              (no amulet)
HPRegen 1.21/turn               (no ring)
MPRegen 0.49/turn               (no ring)

@: quick
A: very small, claws 1, fangs 3, see invisible, speed 1, shaggy fur 2, stealthy
paws, no weapons or thrown items, no armour, multi-lived, strong-willed 3,
strong 1
a: Renounce Religion, Oozemancy


You were on level 6 of the Dungeon.
You worshipped Jiyva.
Jiyva was most pleased with you.
You visited 2 branches of the dungeon, and saw 7 of its levels.

You collected 134 gold pieces.

Inventory:

Wands
 e - a wand of digging (3)
 m - a wand of charming (11)
   (You found it on level 5 of the Dungeon)
Scrolls
 a - 2 scrolls of fog
 b - a scroll of summoning {unknown}
 c - 2 scrolls of vulnerability {unknown}
 f - 2 scrolls of identify {unknown}
 g - a scroll of holy word {unknown}
 h - a scroll of teleportation {unknown}
 p - a scroll of immolation {unknown}
Potions
 d - a potion of haste
 i - a potion of invisibility {unknown}
 j - 4 potions of brilliance {unknown}
 k - a potion of mutation {unknown}
 l - a potion of curing {unknown}
 n - 2 potions of might {unknown}
 o - a potion of degeneration {unknown}
 q - a potion of magic {unknown}


   Skills:
 - Level 3.2 Fighting
 - Level 3.1 Dodging
 - Level 6.8 Stealth
 - Level 2.2 Unarmed Combat
 + Level 5.4 Spellcasting
 + Level 5.9 Summonings
 + Level 0.8 Ice Magic


You had 15 spell levels left.
You didn't know any spells.
Your spell library contained the following spells:

 Spells                   Type           Power      Damage    Failure   Level
 Frozen Ramparts          Ice            12%        1d3       34%         3
 Summon Ice Beast         Ice/Summ       13%        N/A       38%         4
 Ice Form                 Ice/Tmut       4%         N/A       80%         4


Dungeon Overview and Level Annotations

Branches:
Dungeon (6/15)             Temple (1/1) D:4

Altars:
Ashenzari
Cheibriados
Dithmenos
Elyvilon
Fedhas
Hepliaklqana
Kikubaaqudgha
Makhleb
Nemelex Xobeh
Qazlal
Ru
Sif Muna
Trog
Vehumet
Yredelemnul
Jiyva

Shops:
D:2 :   D:3 !

Annotations:
D:6 Prince Ribbit


Innate Abilities, Weirdness & Mutations

You have sharp claws.
You have razor-sharp teeth.
You have supernaturally acute eyesight. (SInv)
You cover ground quickly. (Speed+)
You are covered in thick fur. (AC +2)
Your paws help you pounce on unaware monsters.
You are incapable of wielding weapons or throwing items.
You cannot wear armour.
You gain extra lives every three experience levels.
You are extremely strong-willed. (Will+++)
Your muscles are strong. (Str +2)


Message History

Unknown command.
Okay, then.
Unknown command.
Unknown command.
Unknown command.
Unknown command.
You start waiting.
Jiyva gurgles merrily.
You swap places.
You swap places.
You swap places.
There is a stone staircase leading down here.
You climb downwards.
Level annotation: Prince Ribbit The ice beast misses you.
There is a stone staircase leading up, spattered with blood here.
The ice beast completely misses you.
You climb upwards.
There is a stone staircase leading down here.
You closely miss the ice beast. Your claw misses the ice beast.
You bite the ice beast. The ice beast misses you.
You scratch the ice beast.
You bite the ice beast, but do no damage.
The ice beast hits you but does no damage.
You scratch the ice beast but do no damage.
The ice beast closely misses you.
You scratch the ice beast but do no damage.
The ice beast hits you but does no damage.
You scratch the ice beast. The ice beast hits you. The ice beast freezes you!
You take 15 damage, and have 13/28 hp.
MASSIVE DAMAGE!!
You swap places.
Health restored: 28 You scratch the ice beast but do no damage.
The ice beast closely misses you.
You closely miss the ice beast. The ice beast closely misses you.
You scratch the ice beast. The ice beast completely misses you.
You closely miss the ice beast. The ice beast closely misses you.
You scratch the ice beast. Your bite misses the ice beast.
The ice beast misses you.
You scratch the ice beast. The ice beast closely misses you.
You scratch the ice beast. The ice beast hits you. The ice beast freezes you!
You take 12 damage, and have 16/28 hp.
MASSIVE DAMAGE!!
There is a stone staircase leading up here.
You regained 2 hp, and now have 27/28 hp.
Health restored: 28 You closely miss the ice beast.
You bite the ice beast, but do no damage.
The ice beast hits you. The ice beast freezes you.
You take 8 damage, and have 20/28 hp.
MASSIVE DAMAGE!!
You scratch the ice beast. The ice beast misses you.
You scratch the ice beast.
You kill the ice beast!
You regained 2 hp, and now have 23/28 hp.
Okay, then.
Unknown command.
Done exploring.
Health restored: 28; MP restored: 15
There is an open door here.
You hear a distant slurping noise.
There is a stone staircase leading down here.
A troll is nearby!
You climb downwards.
Level annotation: Prince Ribbit
There is a stone staircase leading up here.
You now have 134 gold pieces (gained 20).
You see here 17 sling bullets.
n - 2 metallic sapphire potions (gained 1)
A centaur comes into view.
A steam dragon comes into view.
The steam dragon hisses angrily.
The centaur shouts!
The steam dragon breathes steam at you. The ball of steam hits you.
You take 6 damage, and have 22/28 hp.
MASSIVE DAMAGE!!
You scratch the centaur.
You are engulfed in a cloud of scalding steam.
The centaur zombie is engulfed in a cloud of scalding steam.
The centaur zombie misses you. The centaur zombie closely misses you.
The centaur is engulfed in a cloud of scalding steam.
The centaur completely misses you. The centaur kicks you.
The centaur zombie is engulfed in a cloud of scalding steam.
The centaur zombie misses you.
The centaur zombie completely misses you.
You take 5 damage, and have 17/28 hp.
Really walk into that cloud of steam?
You are engulfed in a cloud of scalding steam.
* * * LOW HITPOINT WARNING * * *
The centaur is engulfed in a cloud of scalding steam.
The centaur wields a +0 shortbow.
The centaur shoots an arrow.
The arrow hits you.
* * * LOW HITPOINT WARNING * * *
The centaur zombie is engulfed in a cloud of scalding steam.
You take 13 damage, and have 4/28 hp.
MASSIVE DAMAGE!!
The centaur is engulfed in a cloud of scalding steam.
The centaur zombie is engulfed in a cloud of scalding steam.
The centaur shoots an arrow.
The arrow barely misses you.
The centaur shoots an arrow.
The arrow hits you!
* * * LOW HITPOINT WARNING * * *
You take 6 damage, and have 2/28 hp.
MASSIVE DAMAGE!!
The centaur shoots an arrow.
The arrow hits you.
You die...

#..# #.## ..## .# #.#..
### ..# ...# .### ...#..#
...# #.#..# ...###
#....#### #....##
#......# ##.#..# #.(....#
#..#.########>.@...##
##...<......#.......##
###.######..........#
#...# ##.#.....#c# ###.#
##.###..##.#######
#.####..###....Z#§§§..##
#...##.###.....D.§D....#
###....##...............
.#####..##...............


You could see a centaur.

Vanquished Creatures
  A wraith (D:5)
  A sky beast (D:5)
  An ice beast (D:5)
  A phantom (D:5)
  A bullfrog (D:5)
  2 scorpions
  A water moccasin zombie (D:4)
  A water moccasin skeleton (D:5)
  A centaur zombie (D:6)
  2 iguanas (D:4)
  2 orc wizards (D:5)
  A hound zombie (D:5)
  A hound skeleton (D:4)
  A howler monkey zombie (D:4)
  Robin (D:2)
  6 adders
  A worm (D:4)
  A dart slug (D:1)
  5 orcs
  3 ball pythons
  8 goblins
  9 hobgoblins
  8 jackals
  4 kobolds
  3 quokkas
  2 bats
  3 rats
71 creatures vanquished.

Vanquished Creatures (others)
  An ice beast (D:5)
  6 jellies
  A hound (D:4)
  An orc wizard (D:3)
  3 adders
  An ufetubus (D:5)
  A worm (D:2)
  4 endoplasms
  3 orcs (D:3)
  2 bats (D:2)
  3 goblins
  4 hobgoblins (D:2)
  A quokka (D:2)
  A ball python (D:3)
  3 frilled lizards
  A kobold (D:2)
  A rat (D:2)
  A butterfly (D:4)
38 creatures vanquished.

Grand Total: 109 creatures vanquished

Notes
Turn   | Place    | Note
-------+----------+-------------------------------------------
     0 | D:5      | murtidash the Felid Delver began the quest for the Orb.
     0 | D:5      | Reached XP level 1. HP: 10/10 MP: 2/2
     9 | D:5      | Noticed an iguana
    34 | D:5      | Noticed an orc wizard
   228 | D:4      | Reached skill level 3 in Dodging
   228 | D:4      | Reached XP level 2. HP: 14/14 MP: 3/3
   228 | D:4      | Found a staircase to the Ecumenical Temple.
   238 | Temple   | Entered the Ecumenical Temple
   264 | Temple   | Became a worshipper of Jiyva Jiplutim the Shapeless
   503 | D:3      | Found Hisatyhe's Distillery.
   504 | D:3      | Noticed a scorpion
   564 | D:3      | Found an ancient bone altar of Kikubaaqudgha.
   569 | D:3      | Found a radiant altar of Vehumet.
   854 | D:3      | Found a faded altar of an unknown god.
   854 | D:3      | Found a snail-covered altar of Cheibriados.
   864 | D:3      | Found a white marble altar of Elyvilon.
   866 | D:3      | Found a faded altar of an unknown god.
   868 | D:3      | Found a shadowy altar of Dithmenos.
  1011 | D:2      | Reached * piety under Jiyva
  1049 | D:2      | Found Ablil's Book Shoppe.
  1069 | D:1      | Reached skill level 1 in Spellcasting
  1069 | D:1      | Reached skill level 1 in Summonings
  1069 | D:1      | Reached XP level 3. HP: 14/17 MP: 3/5
  1626 | D:1      | Reached ** piety under Jiyva
  1816 | D:1      | Found a faded altar of an unknown god.
  2155 | D:2      | Reached XP level 4. HP: 19/21 MP: 7/7
  2199 | D:2      | Noticed Robin
  2201 | D:2      | Reached skill level 2 in Summonings
  2211 | D:2      | Killed Robin
  2426 | D:2      | Reached *** piety under Jiyva
  2550 | D:3      | Reached skill level 2 in Spellcasting
  2718 | D:3      | Killed a scorpion
  2719 | D:3      | Reached XP level 5. HP: 12/24 MP: 9/9
  2793 | D:3      | Gained mutation: You are strong-willed. (Will+) [Jiyva's
                  | grace]
  2793 | D:3      | Gained mutation: You are highly strong-willed. (Will++)
                  | [Jiyva's grace]
  2793 | D:3      | Gained mutation: You are extremely strong-willed. (Will+++)
                  | [Jiyva's grace]
  2793 | D:3      | Gained mutation: Your muscles are strong. (Str +2) [Jiyva's
                  | grace]
  3042 | D:4      | Reached **** piety under Jiyva
  3063 | D:4      | Reached skill level 3 in Spellcasting
  3063 | D:4      | Reached skill level 3 in Summonings
  3074 | D:4      | Found a basalt altar of Yredelemnul.
  3340 | D:4      | Noticed an ogre
  3358 | D:4      | Slimified an ogre
  3358 | D:4      | Noticed a slime creature
  3358 | D:4      | an ogre changed into a slime creature
  3589 | D:4      | Gained mutation: You are covered in thick fur. (AC +2)
                  | [Felid growth]
  3589 | D:4      | Reached XP level 6. HP: 28/28 MP: 10/12
  3794 | D:5      | Reached skill level 4 in Summonings
  3836 | D:5      | Noticed a slime creature
  3836 | D:5      | a scorpion changed into a slime creature
  3880 | D:5      | Reached skill level 4 in Spellcasting
  3990 | D:5      | Reached XP level 7. HP: 23/31 MP: 14/14
  4280 | D:6      | Noticed Prince Ribbit
  4298 | D:5      | Reached skill level 5 in Summonings
  4348 | D:6      | Noticed a wraith
  4350 | D:6      | Noticed a troll
  4392 | D:5      | Slain by an ice beast
  4393 | D:5      | Reached XP level 6. HP: -1/28 MP: 13/13
  4414 | D:5      | Killed an ice beast
  4449 | D:6      | Noticed a sky beast
  4544 | D:5      | Killed a sky beast
  4601 | D:6      | Reached skill level 5 in Spellcasting
  4663 | D:6      | Noticed an ice beast
  4693 | D:5      | HP: 2/28 [wraith (9)]
  4698 | D:5      | Slain by a wraith
  4699 | D:5      | Reached XP level 5. HP: -3/24 MP: 13/13
  4727 | D:5      | Killed a wraith
  4728 | D:5      | Reached XP level 6. HP: 28/28 MP: 14/14
  4759 | D:5      | HP: 1/28 [troll (14)]
  5052 | D:5      | Killed an ice beast
  5109 | D:6      | Noticed a steam dragon
  5111 | D:6      | HP: 4/28 [centaur/arrow (4)]
  5117 | D:6      | HP: 2/28 [centaur/arrow (7)]
  5118 | D:6      | Shot with an arrow by a centaur

Illustrated notes

Levels and vault maps discovered:
D:1:      saegor_arrival_fortress, layout_basic, shapermc_ecumenical_altar_petra
D:2:      layout_loops_ring, serial_shops, nicolae_shop_statue_plus,
          minmay_ruptured, uniq_robin
D:3:      layout_rooms, chequers_temple_overflow_minitemple,
          amethyst_overflow_temple_binary, serial_shops, shop
D:4:      nicolae_cairo_tiling_very_big, layout_loops_corners,
          lemuel_zombie_altar_yredelemnul, minmay_temple_entry_butterflies,
          kennysheep_big_empty_room
D:5:      layout_basic
D:6:      layout_rooms, nicolae_gozag_zags_fifth_avenue, uniq_prince_ribbit1,
          uniq_blork_the_orc
Temple:   pf_slimified_temple

Skill      XL: |  1  2  3  4  5  6  7 |
---------------+----------------------+-----
Dodging        | 3 |  3.1
Spellcasting   | 1 2 3 5 |  5.4
Summonings     | 1 2 3 4 5 |  5.9
Fighting       | |  3.2
Stealth        | |  6.8
Unarmed Combat | |  2.2
Ice Magic      | |  0.8

Action                   |  1- 3 |  4- 6 |  7- 9 || total
-------------------------+-------+-------+-------++-------
Melee: Unarmed           |    92 |   298 |    15 ||   405
       Bite              |     8 |    41 |     1 ||    50
       Punch             |     1 |     7 |       ||     8
Invok: Slimify           |       |     2 |       ||     2
  Use: Scroll            |     2 |       |       ||     2
 Stab: Sleeping          |    11 |     9 |       ||    20
       Distracted        |       |     1 |       ||     1
Armor: Skin              |     2 |    16 |       ||    18
Dodge: Dodged            |    65 |   272 |    18 ||   355

Table legend: (Time is in decaauts)
 A = Elapsed time spent in this place.
 B = Non-inter-level travel time spent in this place.
 C = Inter-level travel time spent in this place.
 D = Time resting spent in this place.
 E = Time spent auto-exploring this place.
 F = Levels seen in this place.
 G = Mean time per level.
                   A        B        C        D        E       F      G
               +--------+--------+--------+--------+--------+-----+--------+
         Total |   4357 |   4100 |    257 |    294 |   2313 |   7 |  622.4 |
       Dungeon |   4183 |   3930 |    253 |    170 |   2292 |   6 |  697.2 |
        Temple |    173 |    169 |      4 |    124 |     21 |   1 |  173.0 |
               +--------+--------+--------+--------+--------+-----+--------+

Top non-repeatable levels by time:
     D:5: 1086 daAuts
     D:4: 982 daAuts
     D:1: 759 daAuts
     D:3: 640 daAuts
     D:2: 510 daAuts
     D:6: 204 daAuts
  Temple: 173 daAuts

Table legend:
 A = Kills in this place as a percentage of kills in entire the game.
 B = Kills by you in this place as a percentage of kills by you in the entire game.
 C = Kills by friends in this place as a percentage of kills by friends in the entire game.
 D = Other kills in this place as a percentage of other kills in the entire game.
 E = Experience gained in this place as a percentage of experience gained in the entire game.
 F = Experience gained in this place divided by the number of levels of this place that you have seen.
                   A       B       C       D       E      F
               +-------+-------+-------+-------+-------+----------------------
         Total | 100.0 | 100.0 |   N/A | 100.0 | 100.0 | 192.7
       Dungeon | 100.0 | 100.0 |   N/A | 100.0 | 100.0 | 224.8
               +-------+-------+-------+-------+-------+----------------------
